 Dungeon Crawl Stone Soup version 0.31-a0-208-gdb31a4691d (webtiles) character file.

Game seed: 10912141187452169475

86 Anon1729 the Cutter (level 4, -1/34 HPs)
             Began as a Demonspawn Gladiator on June 28, 2023.
             Killed from afar by an orc wizard (13 damage)
             ... with a puff of flame
             ... on level 4 of the Dungeon.
             The game lasted 00:00:53 (2244 turns).

Anon1729 the Cutter (Demonspawn Gladiator)          Turns: 2244, Time: 00:00:54

Health: -1/34      AC:  4    Str: 21    XL:     4   Next: 26%
Magic:  4/4        EV: 14    Int:  9    God:
Gold:   129        SH:  0    Dex: 22    Spells: 3/3 levels left

rFire   . . .        a - +0 rapier
rCold   . . .        (no shield)
rNeg    . . .        b - +0 leather armour
rPois   .            c - +0 helmet
rElec   .            (no cloak)
rCorr   .            (no gloves)
SInv    .            (no boots)
Will    .....        (no amulet)
Stlth   ++           n - +6 ring of strength
HPRegen 0.25/turn    i - +6 ring of dexterity
MPRegen 0.09/turn

%: no passive effects
@: no status effects
A: demonic guardian 1, sturdy frame 1, weakness stinger 1
a: no special abilities


You were on level 4 of the Dungeon.
You visited 1 branch of the dungeon, and saw 4 of its levels.

You collected 129 gold pieces.

Inventory:

Hand Weapons
 a - a +0 rapier (weapon)
Missiles
 d - 3 throwing nets (quivered)
 e - a javelin
Armour
 b - a +0 leather armour (worn)
 c - a +0 helmet (worn)
Jewellery
 i - a +6 ring of dexterity (right hand)
 n - a +6 ring of strength (left hand)
Wands
 p - a wand of flame (20)
Scrolls
 h - 4 scrolls of identify {unknown}
 m - a scroll of noise {unknown}
 o - 2 scrolls of acquirement {unknown}
 q - a scroll of amnesia {unknown}
Potions
 f - 2 potions of resistance {unknown}
 g - 3 potions of heal wounds {unknown}
 j - a potion of berserk rage {unknown}
 k - 2 potions of curing {unknown}
 l - a potion of might {unknown}


   Skills:
 + Level 2.7 Fighting
 + Level 3.2 Short Blades
 + Level 2.4 Throwing
 + Level 1.0 Armour
 + Level 3.2 Dodging


You had 3 spell levels left.
You didn't know any spells.
Your spell library contained the following spells:

 Spells                   Type           Power      Damage    Failure   Level
 Sublimation of Blood     Necr           0%         N/A       54%         2
 Ignite Poison            Fire/Tmut/Pois 0%         N/A       77%         3
 Petrify                  Tmut/Erth      0%         N/A       99%         4
 Sticky Flame             Conj/Fire      0%         2d3       99%         4
 Irradiate                Conj/Tmut      0%         3d11      100%        5
 Ignition                 Fire           0%         3d3       100%        8


Dungeon Overview and Level Annotations

Branches:
Dungeon (4/15)
 Temple: D:4-7

Altars:

Shops:
D:1 !


Innate Abilities, Weirdness & Mutations

A weak demonic guardian rushes to your aid.
Your movements are slightly less encumbered by armour. (ER -2)
You have a small tail.


Message History

The orc closely misses you. x2
You hit the orc.
The orc is heavily wounded.
The orc barely misses you. The orc misses you.
You hit the orc. You tail-slap the orc.
You kill the orc!
The orc hits you with a +0 club.
You hit the orc priest. You tail-slap the orc priest.
The orc priest is heavily wounded.
The orc completely misses you.
The orc priest calls down the wrath of Beogh upon you.
Beogh smites you!
You are too injured to fight recklessly!
You are too injured to fight recklessly!
You are too injured to fight recklessly!
You are too injured to fight recklessly!
You are too injured to fight recklessly!
You are too injured to fight recklessly!
You are too injured to fight recklessly!
You are too injured to fight recklessly!
You are too injured to fight recklessly!
You are too injured to fight recklessly!
You are too injured to fight recklessly!
You are too injured to fight recklessly!
You are too injured to fight recklessly!
You are too injured to fight recklessly!
You are too injured to fight recklessly!
You are too injured to fight recklessly!
You are too injured to fight recklessly!
You are too injured to fight recklessly!
You barely miss the orc priest.
The orc priest is heavily wounded.
The orc barely misses you. The orc priest completely misses you.
You hit the orc priest.
You kill the orc priest!
The orc hits you with a +0 club.
You hear some strange, mumbled words.
A puff of flame appears from out of thin air!
The puff of flame hits you!
You die... #.########.# #...{)@o...# ############

You could see an orc.

Vanquished Creatures
  An orc priest (D:4)
  2 adders (D:2)
  A worm (D:2)
  3 dart slugs (D:1)
  An orc (D:4)
  8 endoplasms
  A giant cockroach (D:1)
  3 hobgoblins
  7 jackals
  3 quokkas
  3 ball pythons
  5 bats
  2 frilled lizards
  4 goblins (D:1)
  2 kobolds
  4 rats
50 creatures vanquished.

Vanquished Creatures (collateral kills)
  A worm (D:2)
  A goblin (D:2)
  A kobold (D:2)
3 creatures vanquished.

Grand Total: 53 creatures vanquished

Notes
Turn   | Place    | Note
-------+----------+-------------------------------------------
     0 | D:1      | Anon1729 the Demonspawn Gladiator began the quest for the
                  | Orb.
     0 | D:1      | Reached XP level 1. HP: 16/16 MP: 1/1
    65 | D:1      | Gained mutation: Your movements are slightly less
                  | encumbered by armour. (ER -2) [demonic ancestry]
    65 | D:1      | Reached XP level 2. HP: 17/22 MP: 2/2
   146 | D:1      | Found Fazuf's Distillery.
   474 | D:1      | Gained mutation: A weak demonic guardian rushes to your
                  | aid. [demonic ancestry]
   474 | D:1      | Reached XP level 3. HP: 28/28 MP: 3/3
  1106 | D:2      | Reached skill level 1 in Armour
  1106 | D:2      | Gained mutation: You have a small tail. [demonic ancestry]
  1106 | D:2      | Reached XP level 4. HP: 16/34 MP: 4/4
  2022 | D:3      | Found a faded altar of an unknown god.
  2244 | D:4      | Killed from afar by an orc wizard

Illustrated notes

Levels and vault maps discovered:
D:1:      eino_arrival_tree_alley, layout_rooms, serial_shops, shop,
          minmay_misc_feat_enclosed
D:2:      minmay_chambers_of_twos, layout_basic, dk_noncrumbling_3
D:3:      layout_basic, hellmonk_ecumenical_altar_blasted
D:4:      wad_pebble_path, layout_loops_ring, gammafunk_temple_overflow_pools,
          minmay_temple_entry_tees

Skill      XL: |  1  2  3 |
---------------+----------+-----
Throwing       | 2 |  2.4
Short Blades   | 3 |  3.2
Dodging        | 3 |  3.2
Armour         | 1 |  1.0
Fighting       | |  2.7

Action                     |  1- 3 |  4- 6 || total
---------------------------+-------+-------++-------
  Melee: Rapier            |   148 |    26 ||   174
         Tailslap          |       |     8 ||     8
   Stab: Sleeping          |     3 |       ||     3
 Armour: Leather armour    |    59 |     4 ||    63
  Dodge: Dodged            |   134 |    23 ||   157

Table legend: (Time is in decaauts)
 A = Elapsed time spent in this place.
 B = Non-inter-level travel time spent in this place.
 C = Inter-level travel time spent in this place.
 D = Time resting spent in this place.
 E = Time spent auto-exploring this place.
 F = Levels seen in this place.
 G = Mean time per level.
                   A        B        C        D        E       F      G
               +--------+--------+--------+--------+--------+-----+--------+
         Total |   2251 |   2160 |     91 |    191 |   1621 |   4 |  562.8 |
       Dungeon |   2251 |   2160 |     91 |    191 |   1621 |   4 |  562.8 |
               +--------+--------+--------+--------+--------+-----+--------+

Top non-repeatable levels by time:
     D:2: 1240 daAuts
     D:1: 599 daAuts
     D:3: 404 daAuts
     D:4: 7 daAuts
